 Dungeon Crawl Stone Soup version 0.26-a0-651-gb41185065b (webtiles) character file.

Game seed: 4631195630969868483

1999 graki42 the Thaumaturge (level 9, -3/45 HPs)
             Began as a Deep Elf Fire Elementalist on Oct 2, 2020.
             Was an Initiate of Sif Muna.
             Shot with a sling bullet by Joseph (10 damage)
             ... on level 7 of the Dungeon on Oct 5, 2020.
             The game lasted 00:23:29 (6898 turns).

graki42 the Thaumaturge (DEFE)                      Turns: 6898, Time: 00:23:31

Health: -3/45      AC:  3    Str:  8    XL:     9   Next: 2%
Magic:  8/23       EV: 17    Int: 21    God:    Sif Muna [......]
Gold:   289        SH:  0    Dex: 15    Spells: 9/25 levels left

rFire    . . .     SeeInvis .   s - +7 long sword "Tumiptuq" {vorpal, rN+}
rCold    . . .     Faith    .   (no shield)
rNeg     + . .     Spirit   .   a - +0 robe
rPois    .         Reflect  .   j - +0 helmet
rElec    .         Harm     .   (no cloak)
rCorr    .         Rampage  .   (no gloves)
MR       .....                  (no boots)
Stlth    ++........             l - amulet of regeneration
HPRegen  0.55/turn              A - +4 ring of evasion
MPRegen  0.18/turn              (no ring)

@: no status effects
A: no striking features
a: Renounce Religion


You were on level 7 of the Dungeon.
You worshipped Sif Muna.
Sif Muna was noncommittal.
You visited 2 branches of the dungeon, and saw 8 of its levels.

You collected 289 gold pieces.

Inventory:

Hand Weapons
 s - the +7 long sword "Tumiptuq" (weapon) {vorpal, rN+}
   (You found it on level 5 of the Dungeon)

   It inflicts extra damage upon your enemies.
   It protects you from negative energy.
Armour
 a - a +0 robe (worn)
 j - a +0 helmet (worn)
Magical Staves
 y - an uncursed staff of death
Jewellery
 l - an amulet of regeneration (around neck)
 A - a +4 ring of evasion (left hand)
Wands
 B - a wand of digging (9)
Scrolls
 b - 9 scrolls of teleportation
 e - 3 scrolls of enchant weapon {unknown}
 g - a scroll of blinking {unknown}
 h - 5 scrolls of remove curse
 k - 2 scrolls of noise {unknown}
 m - a scroll of magic mapping {unknown}
 o - 2 scrolls of random uselessness {unknown}
 r - 3 scrolls of identify
 t - a scroll of amnesia {unknown}
 u - 2 scrolls of enchant armour {unknown}
 x - a scroll of vulnerability {unknown}
 C - a scroll of immolation {unknown}
Potions
 c - a potion of stabbing
 d - 6 potions of curing
 f - 2 potions of lignification
 i - 2 potions of brilliance {unknown}
 n - 2 potions of ambrosia {unknown}
 p - a potion of heal wounds
 q - 2 potions of haste {unknown}
 v - a potion of magic {unknown}
 w - a potion of cancellation {unknown}
 z - a potion of mutation {unknown}


   Skills:
 - Level 3.0 Dodging
 - Level 3.0 Stealth
 * Level 8.8 Spellcasting
 * Level 7.0 Conjurations
 - Level 4.0 Hexes
 * Level 7.7 Fire Magic
 + Level 1.1 Invocations


You had 9 spell levels left.
You knew the following spells:

 Your Spells              Type           Power        Failure   Level
a - Foxfire               Conj/Fire      ####         1%          1
b - Conjure Flame         Conj/Fire      #####...     1%          3
c - Inner Flame           Hex/Fire       ####....     1%          3
d - Sticky Flame          Conj/Fire      #####...     3%          4
e - Fireball              Conj/Fire      #####.....   10%         5

Your spell library contained the following spells:

 Spells                   Type           Power        Failure   Level
 Summon Small Mammal      Summ           #...         8%          1
 Summon Guardian Golem    Hex/Summ       ###.....     10%         3
 Call Imp                 Summ           #.......     11%         2
 Call Canine Familiar     Summ           #.......     22%         3
 Summon Ice Beast         Ice/Summ       #.......     58%         4
 Summon Lightning Spire   Summ/Air       #.......     58%         4


Dungeon Overview and Level Annotations

Branches:
Dungeon (7/15)             Temple (1/1) D:6

Altars:
Ashenzari
Elyvilon
Makhleb
Ru
Sif Muna

Shops:
D:4 ?

Annotations:
D:7 Joseph


Message History

Aiming: Fireball (quite dangerous; 10% risk of failure)
Press: ? - help, Shift-Dir - straight line The fireball explodes!
The fireball engulfs Joseph!!
Joseph is heavily wounded.
A gnoll shaman comes into view. It is wielding a +0 whip.
Casting: Fireball (quite dangerous; 10% risk of failure)
Confirm with . or Enter, or press ? or * to list all spells.
The spell is quite dangerous to cast (10% risk of failure)!
Continue anyway?
Aiming: Fireball (quite dangerous; 10% risk of failure)
Press: ? - help, Shift-Dir - straight line, f - Joseph
Aim: Joseph, wielding a +4 hunting sling of flaming, wearing a +0 leather armour and quivering 24 sling bullets (heavily wounded)
The fireball explodes!
The fireball engulfs Joseph!
Joseph is severely wounded.
The fireball engulfs the gnoll shaman!
The gnoll shaman is severely wounded.
You hear an angry hiss.
You hear a bark!
You hear a shout!
Joseph shoots a sling bullet.
The sling bullet hits you!!
* * * LOW HITPOINT WARNING * * *
The sling bullet burns you!
You die...

#.......... #.########.
#.# #. #######.###### #.
#............# #.
#.....#.####.# ##
#####..#.# #.#
.g#####.###..#)# #.#
⌠.@....@..#..#)# #.#
(.#####.#.#.÷#)####.####
###.#.............
#.#.#)).###.####
#.#.#.)...#.#
##.#.#.<.....#
#....###)###.#
####.......(# #.####
#.....#####.###.....


You could see Joseph and a gnoll shaman.

Vanquished Creatures
  Grinder (D:5)
  A sky beast (D:5)
  A black bear (D:6)
  An ogre (D:4)
  2 centaurs
  2 bullfrogs
  A scorpion (D:4)
  4 wights (D:6)
  4 howler monkeys
  3 hounds
  A bullfrog skeleton (D:5)
  5 orc priests
  2 centaur skeletons
  An iguana (D:4)
  7 orc wizards
  2 worker ants (D:5)
  3 gnolls (D:6)
  6 adders
  A shadow imp (D:6)
  2 white imps (D:6)
  2 ufetubi (D:6)
  5 oozes
  2 worms
  2 dart slugs (D:1)
  4 leopard geckos
  23 orcs
  8 bats
  3 giant cockroaches
  5 goblins
  11 hobgoblins
  20 jackals
  6 quokkas
  11 frilled lizards
  4 kobolds
  A quokka skeleton (D:4)
  6 rats
163 creatures vanquished.

Vanquished Creatures (others)
  505 foxfires
505 creatures vanquished.

Grand Total: 668 creatures vanquished

Notes
Turn   | Place    | Note
-------+----------+-------------------------------------------
     0 | D:1      | graki42 the Deep Elf Fire Elementalist began the quest for
                  | the Orb.
     0 | D:1      | Reached XP level 1. HP: 10/10 MP: 6/6
    96 | D:1      | Reached XP level 2. HP: 15/15 MP: 2/8
   366 | D:1      | Reached XP level 3. HP: 16/19 MP: 3/9
  1755 | D:2      | Reached XP level 4. HP: 24/24 MP: 9/11
  1947 | D:2      | Reached skill level 4 in Spellcasting
  2006 | D:2      | Learned a level 3 spell: Conjure Flame
  2010 | D:2      | Learned a level 3 spell: Inner Flame
  2015 | D:2      | Learned a level 4 spell: Sticky Flame
  3159 | D:3      | Reached skill level 1 in Hexes
  3237 | D:3      | Noticed a centaur
  3246 | D:3      | Killed a centaur
  3246 | D:3      | Reached XP level 5. HP: 9/28 MP: 8/13
  3682 | D:4      | Reached XP level 6. HP: 32/32 MP: 11/15
  3690 | D:4      | Reached skill level 5 in Spellcasting
  3941 | D:4      | Reached skill level 5 in Fire Magic
  3974 | D:4      | Reached XP level 7. HP: 32/36 MP: 7/17
  4053 | D:4      | Found Yryis's Magic Scroll Shoppe.
  4278 | D:5      | Entered Level 5 of the Dungeon
  4393 | D:5      | Reached skill level 6 in Spellcasting
  4808 | D:5      | Reached skill level 5 in Conjurations
  4869 | D:5      | Noticed Grinder
  4884 | D:5      | Killed Grinder
  4884 | D:5      | Reached skill level 7 in Spellcasting
  4884 | D:5      | Reached XP level 8. HP: 33/41 MP: 10/20
  4891 | D:5      | Learned a level 5 spell: Fireball
  5031 | D:5      | Got a pitted long sword
  5032 | D:5      | Identified the +7 long sword "Tumiptuq" {vorpal, rN+} (You
                  | found it on level 5 of the Dungeon)
  5783 | D:6      | Reached skill level 8 in Spellcasting
  6052 | D:6      | Found a staircase to the Ecumenical Temple.
  6059 | Temple   | Entered the Ecumenical Temple
  6065 | Temple   | Became a worshipper of Sif Muna the Loreminder
  6601 | D:7      | Reached skill level 1 in Invocations
  6737 | D:7      | Reached XP level 9. HP: 40/45 MP: 12/23
  6894 | D:7      | Noticed Joseph
  6898 | D:7      | Shot with a sling bullet by Joseph

Illustrated notes

Levels and vault maps discovered:
D:1:      giann_forest_graveyard, layout_basic
D:2:      layout_basic
D:3:      layout_loops_corners, wad_floor_pattern_untrapped
D:4:      layout_rooms, serial_shops, shop_scrolls
D:5:      layout_basic, uniq_grinder
D:6:      layout_gridville, minmay_temple_entry_hall, nicolae_benzene_ring
D:7:      layout_loops_ring, grunt_temple_overflow_cloverleaf, uniq_joseph
Temple:   compressed_dpeg_circular_temple

Skill      XL: |  1  2  3  4  5  6  7  8 |
---------------+-------------------------+-----
Stealth        | 3 |  3.0
Dodging        | 3 |  3.0
Conjurations   | 2 3 4 5 7 |  7.0
Fire Magic     | 4 5 6 7 |  7.7
Spellcasting   | 4 5 7 8 |  8.8
Hexes          | 1 2 3 4 |  4.0
Invocations    | 1 |  1.1

Action                   |  1- 3 |  4- 6 |  7- 9 || total
-------------------------+-------+-------+-------++-------
Melee: Unarmed           |     2 |    11 |       ||    13
       Long sword        |       |       |     7 ||     7
 Cast: Foxfire           |    66 |   104 |   138 ||   308
       Sticky Flame      |       |     1 |     4 ||     5
       Inner Flame       |       |       |     4 ||     4
       Conjure Flame     |       |       |     3 ||     3
       Fireball          |       |       |     4 ||     4
  Use: Scroll            |     2 |     1 |     3 ||     6
Armor: Robe              |     5 |     4 |     2 ||    11
Dodge: Dodged            |    13 |    18 |    16 ||    47
       Rpst.: Long sword |       |       |     2 ||     2

Table legend: (Time is in decaauts)
 A = Elapsed time spent in this place.
 B = Non-inter-level travel time spent in this place.
 C = Inter-level travel time spent in this place.
 D = Time resting spent in this place.
 E = Time spent auto-exploring this place.
 F = Levels seen in this place.
 G = Mean time per level.
                   A        B        C        D        E       F      G
               +--------+--------+--------+--------+--------+-----+--------+
         Total |   6899 |   6757 |    142 |    543 |   5266 |   8 |  862.4 |
       Dungeon |   6886 |   6744 |    142 |    543 |   5266 |   7 |  983.7 |
        Temple |     12 |     12 |      0 |      0 |      0 |   1 |   12.0 |
               +--------+--------+--------+--------+--------+-----+--------+

Top non-repeatable levels by time:
     D:2: 1274 daAuts
     D:5: 1271 daAuts
     D:1: 1230 daAuts
     D:3: 1089 daAuts
     D:6: 989 daAuts
     D:4: 683 daAuts
     D:7: 347 daAuts
  Temple: 12 daAuts
